 Dungeon Crawl Stone Soup version 0.27-a0-46-g34d46f0a3f (webtiles) character file.

Game seed: 3693993952250395843

53 Borgoz the Ducker (level 4, -7/30 HPs)
             Began as a Halfling Gladiator on Jan 6, 2021.
             Mangled by Sigmund
             ... wielding a +0 scythe
              (10 damage)
             ... on level 2 of the Dungeon.
             The game lasted 00:01:39 (1004 turns).

Borgoz the Ducker (Halfling Gladiator)              Turns: 1004, Time: 00:01:40

Health: -7/30      AC:  6    Str: 16    XL:     4   Next: 10%
Magic:  4/4        EV: 15    Int:  6    God:
Gold:   117        SH:  0    Dex: 15    Spells: 3/3 levels left

rFire    . . .     SeeInvis .   a - +0 long sword
rCold    . . .     Faith    .   (shield restricted)
rNeg     . . .     Spirit   .   m - +0 ring mail
rPois    .         Reflect  .   c - +0 helmet
rElec    .         Harm     .   (no cloak)
rCorr    .         Rampage  .   (no gloves)
Will     .....                  (no boots)
Stlth    +.........             (no amulet)
HPRegen  0.10/turn              (no ring)
MPRegen  0.09/turn              (no ring)

@: no status effects
A: small, mutation resistance 1
a: no special abilities


You were on level 2 of the Dungeon.
You visited 1 branch of the dungeon, and saw 2 of its levels.

You collected 117 gold pieces.

Inventory:

Hand Weapons
 a - a +0 long sword (weapon)
Missiles
 d - 3 throwing nets (quivered)
Armour
 c - a +0 helmet (worn)
 m - a +0 ring mail (worn)
Jewellery
 i - an uncursed ring of fire
Scrolls
 e - a scroll of blinking {unknown}
 f - a scroll of teleportation
 h - a scroll of identify
 j - a scroll of enchant weapon {unknown}
 k - a scroll of magic mapping {unknown}
 l - a scroll of remove curse {unknown}
Potions
 g - a potion of mutation


   Skills:
 * Level 2.5 Fighting
 * Level 3.6 Long Blades
 - Level 2.0 Throwing
 + Level 1.1 Armour
 + Level 3.6 Dodging


You had 3 spell levels left.
You didn't know any spells.
Your spell library was empty.

Dungeon Overview and Level Annotations

Branches:
Dungeon (2/15)

Altars:

Annotations:
D:2 Sigmund


Innate Abilities, Weirdness & Mutations

You are small and have problems with some larger weapons.
You are somewhat resistant to further mutation.


Message History

Something closely misses you.
Your ring mail prevents you from hitting something.
You hit something.
You hear some strange, mumbled words.
A magic dart appears from out of thin air!
The magic dart hits you but does no damage.
Something hits you!
You barely miss something. You miss something. Something hits you!
* * * LOW HITPOINT WARNING * * *
Okay, then.
Okay, then.
Unknown command.
You barely miss something.
You hear some strange, mumbled words.
A puff of flame appears from out of thin air!
The puff of flame hits you.
* * * LOW HITPOINT WARNING * * *
You barely miss something. Something hits you!
You die...

...# #....
#..##########.###
#..##.........)..
###..##.##.########
...........# ######
##<.##.#### #.....
#####..##.######.####
##...#...............#
#...{@.###.######.##.#
#.......# #.######.##.#
#.....................#
#.............#####.###
........##.....#####.###
####...## ..............
#### .#########.### #
#...# #..##


There were no monsters in sight!

Vanquished Creatures
  An adder (D:2)
  A worm (D:2)
  A leopard gecko (D:1)
  3 giant cockroaches
  6 goblins
  3 hobgoblins
  2 jackals (D:1)
  A quokka (D:2)
  8 bats
  2 frilled lizards
  4 kobolds
  5 rats
37 creatures vanquished.

Notes
Turn   | Place    | Note
-------+----------+-------------------------------------------
     0 | D:1      | Borgoz the Halfling Gladiator began the quest for the Orb.
     0 | D:1      | Reached XP level 1. HP: 14/14 MP: 1/1
   163 | D:1      | Reached XP level 2. HP: 19/19 MP: 2/2
   453 | D:1      | Reached XP level 3. HP: 24/24 MP: 3/3
   715 | D:2      | Reached skill level 1 in Armour
   951 | D:2      | Reached XP level 4. HP: 30/30 MP: 4/4
   992 | D:2      | Noticed Sigmund
  1004 | D:2      | Mangled by Sigmund

Illustrated notes

Levels and vault maps discovered:
D:1:      minmay_arrival_loop, layout_basic
D:2:      layout_loops_ring, nicolae_overflow_hidden_temple,
          grunt_qazlal_clouds, minmay_misc_feat_columns, uniq_sigmund,
          uniq_natasha

Skill      XL: |  1  2  3 |
---------------+----------+-----
Fighting       | 2 |  2.5
Armour         | 1 |  1.1
Long Blades    | |  3.6
Throwing       | |  2.0
Dodging        | |  3.6

Action                   |  1- 3 |  4- 6 || total
-------------------------+-------+-------++-------
Melee: Long sword        |    68 |    10 ||    78
  Use: Scroll            |       |     2 ||     2
 Stab: Sleeping          |     1 |       ||     1
Armor: Leather armour    |    14 |       ||    14
       Ring mail         |     3 |     1 ||     4
Dodge: Dodged            |    66 |     7 ||    73
       Rpst.: Long sword |    21 |     1 ||    22

Table legend: (Time is in decaauts)
 A = Elapsed time spent in this place.
 B = Non-inter-level travel time spent in this place.
 C = Inter-level travel time spent in this place.
 D = Time resting spent in this place.
 E = Time spent auto-exploring this place.
 F = Levels seen in this place.
 G = Mean time per level.
                   A        B        C        D        E       F      G
               +--------+--------+--------+--------+--------+-----+--------+
         Total |   1020 |   1013 |      7 |    109 |    697 |   2 |  510.0 |
       Dungeon |   1020 |   1013 |      7 |    109 |    697 |   2 |  510.0 |
               +--------+--------+--------+--------+--------+-----+--------+

Top non-repeatable levels by time:
     D:1: 721 daAuts
     D:2: 299 daAuts
